 Dungeon Crawl Stone Soup version 0.25-a0-290-g4a1327ee3a (webtiles) character file.

Game seed: 4797064310135023061, levelgen mode: deterministic

25806 floatRand the Magus (level 13, -1/86 HPs)
             Began as a Formicid Fighter on Dec 13, 2019.
             Was an Elder of Nemelex Xobeh.
             Slain by a blink frog (3 damage)
             ... on level 1 of the Lair of Beasts.
             The game lasted 00:28:14 (14972 turns).

floatRand the Magus (Formicid Fighter)             Turns: 14972, Time: 00:28:15

Health: -1/86      AC:  8    Str: 18    XL:     13   Next: 53%
Magic:  23/23      EV: 18    Int:  8    God:    Nemelex Xobeh [****..]
Gold:   660        SH: 17    Dex: 18    Spells: 12/12 levels left

rFire    . . .     SeeInvis +   x - +3 whip (elec)
rCold    + + .     Gourm    .   c - +0 shield
rNeg     + + +     Faith    .   d - +2 leather armour {rC+}
rPois    .         Spirit   .   (helmet unavailable)
rElec    .         Reflect  +   (no cloak)
rCorr    .         Harm     .   t - +1 pair of gloves
MR       ++...                  p - +0 pair of boots (curse)
Stlth    +++++.....             k - amulet of Wympem {Reflect rC+ rN+++ MR+ Str-4 SH+5}
HPRegen  0.24/turn              r - ring of wizardry
MPRegen  0.18/turn              E - +4 ring of dexterity

@: no status effects
A: permanent stasis, dig shafts and tunnels, four strong arms, antennae 3
a: Dig, Shaft Self, Draw Escape, Draw Destruction, Draw Summoning, Triple Draw,
Deal Four, Renounce Religion


You were on level 1 of the Lair of Beasts.
You worshipped Nemelex Xobeh.
Nemelex Xobeh was greatly pleased with you.
You were hungry.

You visited 2 branches of the dungeon, and saw 13 of its levels.

You collected 921 gold pieces.
You spent 261 gold pieces at shops.

Inventory:

Hand Weapons
 a - a +0 long sword
 e - a +2 mace of protection
 x - a +3 whip of electrocution (weapon)
 B - a +1 flail of protection
 G - a +2 falchion of holy wrath
Missiles
 l - 6 curare-tipped darts
 o - 5 throwing nets (quivered)
 y - 56 poisoned darts
 z - 3 silver javelins
Armour
 c - a +0 shield (worn)
 d - a +2 leather armour of cold resistance (worn)
 n - a +0 plate armour
 p - a cursed +0 pair of boots (worn)
 t - a +1 pair of gloves (worn)
Jewellery
 b - an uncursed amulet of guardian spirit
 g - an uncursed amulet of harm {unknown}
 k - the amulet of Wympem (around neck) {Reflect rC+ rN+++ MR+ Str-4 SH+5}
   (You found it on level 8 of the Dungeon)

   [amulet of reflection]

   It shields you and reflects attacks.
   It affects your strength (-4).
   It protects you from cold.
   It renders you almost immune to negative energy.
   It affects your resistance to hostile enchantments.
   It affects your SH (+5).
 r - a ring of wizardry (left hand)
 E - a +4 ring of dexterity (right hand)
 K - an uncursed amulet of regeneration {unknown}
Wands
 i - a wand of iceblast (4)
 v - a wand of disintegration (10)
 A - a wand of polymorph (11)
 J - a wand of enslavement (16)
 M - a wand of random effects (17)
Scrolls
 j - 2 scrolls of fog
 q - 3 scrolls of magic mapping
 u - 8 scrolls of identify
 D - a scroll of fear
 F - 5 scrolls of remove curse
Potions
 h - 11 potions of curing
 m - 2 potions of resistance
 w - 2 potions of magic
 C - a potion of lignification
 H - a potion of cancellation
Comestibles
 f - 25 rations


   Skills:
 - Level 3.2 Fighting
 - Level 4.4 Long Blades
 + Level 9.6 Maces & Flails
 - Level 3.2 Armour
 * Level 8.3 Dodging
 + Level 12.1 Stealth
 - Level 9.6 Shields
 * Level 14.1 Invocations


You had 12 spell levels left.
You didn't know any spells.
Your spell library contained the following spells:

 Spells                   Type           Power        Failure   Level  Hunger
 Freeze                   Ice            #...         21%         1    ##.....
 Ozocubu's Armour         Chrm/Ice       #.......     50%         3    ####...
 Hailstorm                Conj/Ice       #.......     87%         4    #####..
 Summon Ice Beast         Ice/Summ       #.......     87%         4    #####..
 Irradiate                Conj/Tmut      #.........   99%         5    ######.
 Hydra Form               Tmut           #.........   100%        6    #######
 Statue Form              Tmut/Erth      #........    100%        6    #######
 Dragon Form              Tmut           #.........   100%        7    #######


Dungeon Overview and Level Annotations

Branches:
Dungeon (12/15)            Temple (0/1) D:5            Lair (1/6) D:10
    Orc (0/2) D:12

Altars:
Ashenzari
Gozag
Hepliaklqana
Nemelex Xobeh
Qazlal
Ru
Sif Muna
Trog
Vehumet
Xom
Yredelemnul
Zin
The Shining One

Shops:
D:5 *   D:11 (


Innate Abilities, Weirdness & Mutations

You cannot be hasted, slowed, berserked, paralysed or teleported.
You can dig through walls and to a lower floor.
Your four strong arms can wield two-handed weapons with a shield.
You have a pair of large antennae on your head. (SInv)


Message History

Unknown command.
You draw a card...
You have drawn the Orb.
Press: ? - help, Shift-Dir - straight line, f - seven-headed hydra
Aim: a seven-headed hydra The wavering orb of destruction weakly hits the seven-headed hydra!!
The seven-headed hydra is moderately wounded.
You block the blink frog's attack.
The blink frog blinks!
The seven-headed hydra bites you but does no damage.
The seven-headed hydra bites you. The seven-headed hydra bites you!
* * * LOW HITPOINT WARNING * * *
The seven-headed hydra bites you!
* * * LOW HITPOINT WARNING * * *
You block the seven-headed hydra's attack.
The seven-headed hydra bites you!
* * * LOW HITPOINT WARNING * * *
You block the seven-headed hydra's attack.
The blink frog hits you.
You die...
Your body glows with a rainbow of weird colours and disappears.

.... .♣.. ##..#
##...## #+# #P....#
.... #....#.....
#......# { #.DF#F
#..@# #...# #...##
{ { #..§.# #####
##...## #≈≈≈##
##..F.# ≈≈≈P.##
###.....##
≈≈<.#.####........#
≈≈P.........!....##


You could see a seven-headed hydra and 2 blink frogs.

Vanquished Creatures
  Snorg (D:10)
  Josephine (D:10)
  Harold (D:10)
  A hydra (D:10)
  Erica (D:10)
  2 two-headed ogres
  2 death yaks (D:10)
  2 shock serpents
  The ghost of Thantalas the Magician, a novice GnSk of Cheibriados (D:8)
  An unseen horror (D:10)
  The ghost of floatRand the Cleaver, a novice DsGl of Nemelex Xobeh (D:6)
  4 ugly things
  A cyclops (D:11)
  Joseph (D:9)
  A centaur zombie (D:12)
  A water nymph (D:10)
  2 trolls
  3 blink frogs (Lair:1)
  A hornet (D:10)
  3 slime creatures (D:11)
  2 hippogriffs
  A redback (D:9)
  3 centaur simulacra (D:8)
  A vampire (D:12)
  5 wraiths (D:10)
  A tarantella (D:10)
  A human (D:7)
  3 hogs (D:7)
  14 yaks
  A hungry ghost (D:12)
  3 soldier ants (D:5)
  An acid dragon (D:10)
  A water moccasin (Lair:1)
  A porcupine (Lair:1)
  A black bear (D:9)
  8 ice beasts
  4 orc warriors
  2 sky beasts
  2 phantoms
  An eye of draining (D:9)
  7 ogres
  10 centaurs
  3 crocodiles
  A big kobold (D:12)
  9 bullfrogs
  A wyvern zombie (D:10)
  3 scorpions
  A killer bee (D:5)
  8 wights
  An electric eel (D:10)
  A bullfrog zombie (D:12)
  2 howler monkeys
  9 crimson imps
  3 jellies (D:4)
  5 quasits
  2 hounds
  6 orc priests
  3 centaur skeletons
  Natasha (thrice) (D:4)
  6 orc wizards
  11 worker ants
  A killer bee zombie (D:7)
  A worker ant zombie (D:10)
  Robin (D:3)
  3 gnolls (D:4)
  15 adders
  3 shadow imps
  8 oozes (D:4)
  2 adder zombies
  2 adder skeletons
  5 worms
  3 dart slugs (D:1)
  10 leopard geckos
  35 orcs
  A ball python (D:1)
  11 giant cockroaches
  14 goblins
  13 hobgoblins
  3 jackals (D:1)
  7 quokkas
  13 bats
  6 frilled lizards
  A jackal zombie (D:2)
  19 kobolds
  12 rats
  A spectral orc (D:3)
  A butterfly (D:5)
373 creatures vanquished.

Vanquished Creatures (others)
  A two-headed ogre (D:8)
  A bullfrog (D:9)
  2 howler monkeys (D:9)
  An orc wizard (D:9)
  2 orcs (D:9)
  3 fungi
  7 toadstools (D:4)
17 creatures vanquished.

Grand Total: 390 creatures vanquished

Notes
Turn   | Place    | Note
-------+----------+-------------------------------------------
     0 | D:1      | floatRand the Formicid Fighter began the quest for the Orb.
     0 | D:1      | Reached XP level 1. HP: 18/18 MP: 1/1
    28 | D:1      | Reached XP level 2. HP: 17/24 MP: 2/2
    35 | D:1      | Reached skill level 1 in Stealth
   315 | D:1      | Reached XP level 3. HP: 26/29 MP: 3/3
   540 | D:1      | Reached skill level 1 in Dodging
   685 | D:2      | Found a shimmering altar of Xom.
   760 | D:2      | Reached XP level 4. HP: 35/35 MP: 4/4
  1528 | D:2      | Found a radiant altar of Vehumet.
  1745 | D:2      | Reached XP level 5. HP: 41/41 MP: 5/5
  2013 | D:3      | Noticed an ogre
  2034 | D:3      | Killed an ogre
  2034 | D:3      | Reached XP level 6. HP: 36/47 MP: 6/6
  2152 | D:3      | Found a sacrificial altar of Ru.
  2214 | D:3      | Noticed Robin
  2232 | D:3      | Killed Robin
  2467 | D:3      | Found a basalt altar of Yredelemnul.
  2706 | D:3      | Reached skill level 5 in Shields
  2873 | D:4      | Found a stormy altar of Qazlal.
  2881 | D:4      | Noticed a phantom
  2924 | D:4      | Killed a phantom
  2924 | D:4      | Reached XP level 7. HP: 39/52 MP: 7/7
  3289 | D:4      | Noticed Natasha
  3297 | D:4      | Killed Natasha
  3976 | D:4      | Noticed Natasha
  3983 | D:4      | Killed Natasha
  4219 | D:4      | Noticed Natasha
  4236 | D:4      | Killed Natasha
  4236 | D:4      | Reached XP level 8. HP: 42/58 MP: 8/8
  4337 | D:5      | Entered Level 5 of the Dungeon
  4555 | D:5      | Found Sosegal's Assorted Antiques.
  4558 | D:5      | Bought a scroll labeled SIENIHIXAJ for 24 gold pieces
  4558 | D:5      | Bought 2 scrolls labeled TUMOSA PARRU for 48 gold pieces
  4558 | D:5      | Bought a scroll labeled TUMOSA PARRU for 24 gold pieces
  4558 | D:5      | Bought a large peridot ring for 120 gold pieces
  4558 | D:5      | Bought a scroll labeled TUMOSA PARRU for 24 gold pieces
  4558 | D:5      | Bought an amethyst potion for 21 gold pieces
  4639 | D:5      | Found a bloodstained altar of Trog.
  4694 | D:5      | Found a sparkling altar of Nemelex Xobeh.
  4700 | D:5      | Became a worshipper of Nemelex Xobeh the Trickster
  4743 | D:5      | Found a runed translucent door.
  4744 | D:5      | Found a runed translucent door.
  4778 | D:5      | Reached skill level 1 in Invocations
  4787 | D:5      | Reached skill level 2 in Invocations
  4795 | D:5      | Reached skill level 5 in Stealth
  4803 | D:5      | Reached skill level 3 in Invocations
  5080 | D:6      | Reached skill level 4 in Invocations
  5081 | D:6      | Reached XP level 9. HP: 64/64 MP: 10/12
  5126 | D:6      | Received a gift from Nemelex Xobeh
  5393 | D:6      | Found a shimmering blue altar of Sif Muna.
  5650 | D:6      | Reached * piety under Nemelex Xobeh
  5654 | D:6      | Reached skill level 5 in Invocations
  5666 | D:6      | Reached skill level 5 in Maces & Flails
  5674 | D:6      | Found a glowing silver altar of Zin.
  5679 | D:6      | Found a runed translucent door.
  6029 | D:6      | Noticed floatRand's ghost (novice DsGl)
  6256 | D:6      | Killed floatRand's ghost
  6256 | D:6      | Reached skill level 6 in Invocations
  6378 | D:7      | Found a shattered altar of Ashenzari.
  6513 | D:7      | Noticed a hippogriff
  6770 | D:7      | Killed a hippogriff
  6770 | D:7      | Reached skill level 7 in Invocations
  7037 | D:7      | Reached XP level 10. HP: 65/70 MP: 15/15
  7059 | D:7      | Reached skill level 8 in Invocations
  7216 | D:7      | Received a gift from Nemelex Xobeh
  7333 | D:7      | Found a hazy altar of Hepliaklqana.
  7573 | D:8      | Found a large runed translucent door.
  7573 | D:8      | Found a large runed translucent door.
  7575 | D:8      | Noticed Thantalas's ghost (novice GnSk)
  7623 | D:8      | Reached ** piety under Nemelex Xobeh
  7647 | D:8      | Found a transporter.
  7711 | D:8      | Found an opulent altar of Gozag.
  7713 | D:8      | Noticed a two-headed ogre
  7728 | D:8      | Killed a two-headed ogre
  7728 | D:8      | Reached skill level 9 in Invocations
  8161 | D:8      | Found a glowing golden altar of the Shining One.
  8372 | D:8      | Found a transporter.
  8781 | D:8      | Killed Thantalas's ghost
  8865 | D:8      | Reached XP level 11. HP: 71/75 MP: 18/18
  8958 | D:9      | Noticed Joseph
  9025 | D:9      | Killed Joseph
  9025 | D:9      | Reached skill level 10 in Invocations
  9470 | D:8      | Got a slimy crystal amulet
  9481 | D:8      | Identified the amulet of Wympem {Reflect rC+ rN+++ MR+
                  | Str-4 SH+5} (You found it on level 8 of the Dungeon)
 10023 | D:9      | Reached skill level 11 in Invocations
 10079 | D:9      | Received a gift from Nemelex Xobeh
 10168 | D:10     | Entered Level 10 of the Dungeon
 10181 | D:10     | Noticed an unseen horror
 10182 | D:10     | Reached *** piety under Nemelex Xobeh
 10200 | D:10     | Killed an unseen horror
 10406 | D:10     | Noticed Josephine
 10422 | D:10     | Killed Josephine
 10422 | D:10     | Reached skill level 10 in Stealth
 10530 | D:10     | Noticed Erica
 10548 | D:10     | Killed Erica
 10548 | D:10     | Reached XP level 12. HP: 33/81 MP: 20/20
 10792 | D:10     | Noticed a death yak
 10794 | D:10     | Noticed a death yak
 10812 | D:10     | Killed a death yak
 10890 | D:10     | Found a staircase to the Lair.
 10941 | D:10     | Received a gift from Nemelex Xobeh
 10949 | D:10     | Noticed a death yak
 10957 | D:10     | Reached skill level 5 in Dodging
 10957 | D:10     | Reached skill level 12 in Invocations
 11067 | D:10     | Noticed Harold
 11067 | D:10     | Noticed Snorg
 11068 | D:10     | Noticed a death yak
 11077 | D:10     | Killed Snorg
 11083 | D:10     | Noticed a death yak
 11086 | D:10     | Killed Harold
 11092 | D:10     | Noticed a death yak
 11094 | D:10     | Noticed a death yak
 11095 | D:10     | Killed a death yak
 11095 | D:10     | Noticed a death yak
 11101 | D:10     | Noticed an entropy weaver
 11101 | D:10     | a death yak changed into an entropy weaver
 11101 | D:10     | Noticed a catoblepas
 11101 | D:10     | a death yak changed into a catoblepas
 11101 | D:10     | Noticed an emperor scorpion
 11101 | D:10     | a death yak changed into an emperor scorpion
 11101 | D:10     | Noticed a storm dragon
 11101 | D:10     | a death yak changed into a storm dragon
 11101 | D:10     | Noticed an azure jelly
 11101 | D:10     | a death yak changed into an azure jelly
 11103 | D:10     | an entropy weaver changed into a tarantella
 11103 | D:10     | a catoblepas changed into a redback
 11103 | D:10     | Noticed a shock serpent
 11103 | D:10     | a storm dragon changed into a shock serpent
 11103 | D:10     | an emperor scorpion changed into a water nymph
 11103 | D:10     | Noticed a shock serpent
 11103 | D:10     | an azure jelly changed into a shock serpent
 11103 | D:10     | Noticed a five-headed hydra
 11103 | D:10     | a death yak changed into a five-headed hydra
 11106 | D:10     | HP: 1/81 [redback (6)]
 11120 | D:9      | Killed a shock serpent
 11470 | D:10     | Killed a shock serpent
 11593 | D:10     | Noticed a two-headed ogre
 11774 | D:10     | Killed a two-headed ogre
 11975 | D:10     | Killed a five-headed hydra
 11975 | D:10     | Reached skill level 13 in Invocations
 12706 | D:11     | Reached XP level 13. HP: 86/86 MP: 22/22
 12969 | D:11     | Reached **** piety under Nemelex Xobeh
 12969 | D:11     | Received a gift from Nemelex Xobeh
 13255 | D:11     | Found Ischa's Weapon Emporium.
 14161 | D:12     | Found a staircase to the Orcish Mines.
 14303 | D:12     | Reached skill level 14 in Invocations
 14471 | D:12     | Found a shattered altar of Ashenzari.
 14571 | D:12     | Received a gift from Nemelex Xobeh
 14923 | Lair:1   | Entered Level 1 of the Lair of Beasts
 14962 | Lair:1   | Noticed a seven-headed hydra
 14972 | Lair:1   | HP: 2/86 [seven-headed hydra (10)]
 14972 | Lair:1   | Slain by a blink frog

Levels and vault maps discovered:
D:1:      doesnt_arrival_eight_statues, layout_rooms, hangedman_feature_mirror,
          minmay_tromino_v4_a
D:2:      layout_loops_ring, tgw_xom, vehumet_crystals
D:3:      layout_loops_ring, nicolae_ru_great_annihilating_truth,
          yredelemnul_forgotten_temple_becter, minmay_ruptured, uniq_robin
D:4:      cheibrodos_fertilizer, layout_basic, nicolae_qazlal_general_emergency,
          first_ration, minmay_bent, uniq_natasha
D:5:      lemuel_insect_pit, layout_basic, lemuel_crystal_altar,
          minmay_temple_entry_from_below_a, serial_shops, kennysheep_mini,
          nemelex_spade_bored_becter
D:6:      layout_basic, lemuel_blue_sif_altar, lemuel_crystal_altar,
          ebering_ghost_sewer_d
D:7:      layout_basic, kennysheep_mini_moat, lemuel_crystal_altar,
          grunt_livestock, chequers_serial_rivers_micro_d
D:8:      gammafunk_cloud_chamber, layout_loops_corners, kennysheep_little_box,
          nicolae_gozag_seed_capital, ebering_ghost_disaster_area,
          kennysheep_generic_room_9
D:9:      layout_cross, lemuel_old_faithful, uniq_joseph
D:10:     layout_rooms, dpeg_lair_monsters, fungi_pond_lemuel, uniq_harold,
          uniq_snorg, uniq_erica, uniq_josephine
D:11:     layout_long_grid, serial_shops, shop, serial_glass, glass_columns_a,
          glass_columns_c, glass_columns_b, glass_columns_a
D:12:     layout_roguey, erik_orc_4, ashenzari_altar_1
Lair:1:   layout_long_grid, cheibrodos_lair_caveside_slide, grunt_megastairs_1,
          uniq_fannar

Skill      XL: |  1  2  3  4  5  6  7  8  9 10 11 12 13 |
---------------+----------------------------------------+-----
Stealth        | 1 2 3 4 5 7 8 10 11 12 | 12.1
Shields        | 4 5 6 7 9 |  9.6
Dodging        | 1 2 4 7 8 |  8.3
Long Blades    | 3 4 |  4.4
Maces & Flails | 2 3 4 5 7 8 9 |  9.6
Invocations    | 4 7 9 11 13 14 | 14.1
Fighting       | |  3.2
Armour         | |  3.2

Action                   |  1- 3 |  4- 6 |  7- 9 | 10-12 | 13-15 || total
-------------------------+-------+-------+-------+-------+-------++-------
Melee: Long sword        |    87 |   259 |       |       |       ||   346
       Whip              |       |    23 |   341 |   575 |   295 ||  1234
Throw: Throwing net      |       |     2 |       |       |       ||     2
 Abil: Draw Destruction  |       |       |       |    19 |     9 ||    28
Evoke: Wand              |       |       |       |     3 |       ||     3
  Use: Potion            |       |     1 |     7 |     4 |       ||    12
       Scroll            |       |       |    14 |     7 |     4 ||    25
 Stab: Invisible         |       |       |     5 |       |       ||     5
       Sleeping          |       |       |       |     5 |     6 ||    11
       Distracted        |       |       |       |     1 |     1 ||     2
  Eat: Chunk             |       |     7 |    16 |    11 |     8 ||    42
       Ration            |       |       |     1 |     1 |       ||     2
Armor: Scale mail        |    58 |    13 |       |       |       ||    71
       Plate armour      |       |   149 |   131 |    50 |       ||   330
       Leather armour    |       |       |       |    41 |    15 ||    56
Dodge: Dodged            |    33 |    90 |    57 |   172 |    73 ||   425
Block: Shield            |    50 |   166 |   171 |   358 |   164 ||   909
       Reflection        |       |       |       |     5 |     3 ||     8
       Rpst.: Long sword |    12 |    30 |       |       |       ||    42

Table legend:
 A = Non-vault XP
 B = Vault XP
 C = Vault XP percentage of total XP
 D = Non-vault monster count
 E = Vault monster count
 F = Vault count percentage of total count
                 A         B        C        D         E       F
            +---------+---------+-------+---------+---------+-------
      Total |   20666 |   16201 |  43.9 |     263 |     110 |  29.5
            +---------+---------+-------+---------+---------+-------
        D:1 |      43 |      11 |  20.4 |      24 |       5 |  17.2
        D:2 |      82 |       7 |   7.9 |      25 |       6 |  19.4
        D:3 |     222 |     114 |  33.9 |      26 |      17 |  39.5
        D:4 |     280 |     270 |  49.1 |      10 |      20 |  66.7
        D:5 |     138 |     669 |  82.9 |      12 |      10 |  45.5
        D:6 |     836 |     652 |  43.8 |      19 |       3 |  13.6
        D:7 |     774 |     985 |  56.0 |      13 |       5 |  27.8
        D:8 |    2056 |    1994 |  49.2 |      20 |       9 |  31.0
        D:9 |    1246 |    1545 |  55.4 |      26 |       3 |  10.3
       D:10 |    3837 |    9358 |  70.9 |      25 |      15 |  37.5
       D:11 |    4684 |       0 |   0.0 |      25 |       0 |   0.0
       D:12 |    5527 |     451 |   7.5 |      34 |      16 |  32.0
     Lair:1 |     941 |     145 |  13.4 |       4 |       1 |  20.0
            +---------+---------+-------+---------+---------+-------
